 Dungeon Crawl Stone Soup version 0.25-a0-424-g80bd347 (webtiles) character file.

Game seed: 4919162875838112991, levelgen mode: deterministic

113 AssidiousBlue the Chopper (level 4, 0/41 HPs)
             Began as a Hill Orc Berserker on Jan 22, 2020.
             Was a Believer of Trog.
             Slain by a worker ant (3 damage)
             ... on level 2 of the Dungeon.
             The game lasted 00:16:48 (1809 turns).

AssidiousBlue the Chopper (Hill Orc Berserker)      Turns: 1809, Time: 00:16:48

Health: 0/41       AC:  9    Str: 25    XL:     4   Next: 96%
Magic:  4/4        EV:  8    Int:  7    God:    Trog [**....]
Gold:   108        SH:  0    Dex: 10    Spells: 3/3 levels left

rFire    . . .     SeeInvis .   a - +0 hand axe
rCold    + + .     Gourm    .   (no shield)
rNeg     . . .     Faith    .   j - +0 chain mail
rPois    +         Spirit   .   (no helmet)
rElec    +         Reflect  .   (no cloak)
rCorr    +         Harm     .   (no gloves)
MR       .....                  (no boots)
Stlth    ..........             (no amulet)
HPRegen  0.13/turn              k - ring of ice
MPRegen  0.09/turn              (no ring)

@: mighty, lethally poisoned (0 -> -10), resistant
A: no striking features
a: Berserk, Trog's Hand, Renounce Religion


You were on level 2 of the Dungeon.
You worshipped Trog.
Trog was pleased with you.
You were very hungry.

You visited 1 branch of the dungeon, and saw 2 of its levels.

You collected 108 gold pieces.

Inventory:

Hand Weapons
 a - a +0 hand axe (weapon)
Missiles
 f - 20 stones (quivered)
Armour
 j - a +0 chain mail (worn)
Jewellery
 k - a ring of ice (left hand)
 n - an uncursed amulet of the gourmand {unknown}
Scrolls
 b - a scroll of magic mapping {unknown}
 d - 3 scrolls of identify {unknown}
 e - 4 scrolls of enchant weapon {unknown}
 h - a scroll of teleportation {unknown}
 i - a scroll of remove curse {unknown}
Potions
 m - a potion of flight {unknown}
Comestibles
 c - 3 rations


   Skills:
 + Level 4.4 Fighting
 + Level 6.2 Axes
 + Level 2.9 Armour
 - Level 1.6 Dodging


You had 3 spell levels left.
You didn't know any spells.
Your spell library was empty.

Dungeon Overview and Level Annotations

Branches:
Dungeon (2/15)

Altars:


Message History

You feel sick. The worker ant bites you.
* * * LOW HITPOINT WARNING * * *
The crimson imp hits you but does no damage.
* * * LOW HITPOINT WARNING * * *
You feel sick. The crimson imp barely misses you.
* * * LOW HITPOINT WARNING * * *
You feel sick. The worker ant barely misses you.
Okay, then.
It was a potion of might.
You feel very mighty all of a sudden.
* * * LOW HITPOINT WARNING * * *
You feel sick.
The crimson imp hits you but does no damage.
The worker ant bites you but does no damage.
You barely miss the worker ant.
The worker ant is lightly wounded.
You barely miss the crimson imp.
* * * LOW HITPOINT WARNING * * *
You feel sick.
The crimson imp blinks!
The worker ant bites you.
You die...

##....# #.<####....## .
#.##.####..##...##..# ...
#†.#(.##...#....#...# ..#
##.#..##.#....#...# ..#
....##...........######..#
#.#.###.#.#.........#....#
#.#...........###...†..##..
#...............#§..†.....#
....##.#.....##.@a<.........
....##.....>.......###.####.
.#..##.###.......### .#
#...#.##.(....... .#
##..........#..## #
##........####5..#
#..#..(...........
.)......#######... #..#....#


You could see a worker ant and a crimson imp.

Vanquished Creatures
  Natasha (twice) (D:2)
  An adder (D:2)
  2 worms (D:1)
  A dart slug (D:1)
  A ball python (D:1)
  2 bats
  A giant cockroach (D:1)
  8 goblins (D:1)
  4 hobgoblins
  8 jackals
  2 frilled lizards (D:1)
  4 kobolds
  8 rats
44 creatures vanquished.

Notes
Turn   | Place    | Note
-------+----------+-------------------------------------------
     0 | D:1      | AssidiousBlue the Hill Orc Berserker began the quest for
                  | the Orb.
     0 | D:1      | Reached XP level 1. HP: 19/19 MP: 1/1
   188 | D:1      | Reached XP level 2. HP: 27/27 MP: 2/2
   429 | D:1      | Reached skill level 5 in Axes
   436 | D:1      | Reached XP level 3. HP: 20/33 MP: 3/3
   587 | D:1      | Reached ** piety under Trog
  1251 | D:2      | Reached XP level 4. HP: 37/40 MP: 4/4
  1596 | D:2      | Noticed Natasha
  1607 | D:2      | Killed Natasha
  1607 | D:2      | Reached skill level 6 in Axes
  1617 | D:2      | Noticed Natasha
  1624 | D:2      | Killed Natasha
  1809 | D:2      | Slain by a worker ant

Levels and vault maps discovered:
D:1:      elethiomel_arrival_infinity_welcomes_careful_drivers, layout_basic
D:2:      layout_rooms, lemuel_coloured_pillars_altar, uniq_natasha

Skill      XL: |  1  2  3  4 |
---------------+-------------+-----
Axes           | 5 6 |  6.2
Fighting       | 4 |  4.4
Armour         | |  2.9
Dodging        | |  1.6

Action                   |  1- 3 |  4- 6 || total
-------------------------+-------+-------++-------
Melee: Hand axe          |   113 |   144 ||   257
Throw: Stone             |    11 |     4 ||    15
Invok: Berserk           |     1 |     1 ||     2
  Use: Potion            |       |     2 ||     2
  Eat: Chunk             |     2 |     2 ||     4
Armor: Animal skin       |     7 |       ||     7
       Leather armour    |    10 |       ||    10
       Chain mail        |    28 |    91 ||   119
Dodge: Dodged            |    51 |    50 ||   101

Table legend:
 A = Non-vault XP
 B = Vault XP
 C = Vault XP percentage of total XP
 D = Non-vault monster count
 E = Vault monster count
 F = Vault count percentage of total count
                 A         B        C        D         E       F
            +---------+---------+-------+---------+---------+-------
      Total |     126 |      36 |  22.2 |      43 |       1 |   2.3
            +---------+---------+-------+---------+---------+-------
        D:1 |      67 |       0 |   0.0 |      35 |       0 |   0.0
        D:2 |      59 |      36 |  37.9 |       8 |       1 |  11.1
            +---------+---------+-------+---------+---------+-------
